 Dungeon Crawl Stone Soup version 0.31-a0-1009-g454b1f1e0a (webtiles) character file.

Game seed: 13145144669540161157

71571 Chiseanne the Warrior (level 14, -5/134 HPs)
             Began as a Demonspawn Wanderer on Nov 16, 2023.
             Was an Initiate of Gozag.
             Slain by a skeletal warrior
             ... wielding a +2 war axe of electrocution
              (15 damage)
             ... on level 14 of the Dungeon.
             The game lasted 01:13:32 (31303 turns).

Chiseanne the Warrior (Demonspawn Wanderer)        Turns: 31303, Time: 01:13:32

Health: -5/134     AC: 18    Str: 16    XL:     14   Next: 98%
Magic:  15/15      EV: 16    Int:  9    God:    Gozag
Gold:   2222       SH: 18    Dex: 17    Spells: 15/15 levels left

rFire   + . .        d - +4 scimitar (flame)
rCold   + + +        L - +0 kite shield
rNeg    + . .        J - +2 leather armour {rF+}
rPois   .            k - +0 helmet
rElec   .            j - +1 cloak
rCorr   .            (gloves unavailable)
SInv    +            l - +0 pair of boots
Will    +....        N - amulet "Vapil" {Reflect *Slow rC++ Dex+2 SH+5}
Stlth   +            B - ring "Gaadgh" {+Blink rC+ rN+ Int-4 SInv}
HPRegen 0.42/turn    h - +4 ring of protection
MPRegen 0.28/turn

%: slow self (1%), reflection
@: mighty
A: rugged brown scales 2, powered by pain 2, magic regeneration, demonic touch 3
a: Renounce Religion, Evoke Blink, Potion Petition, Call Merchant, Bribe Branch


You were on level 14 of the Dungeon.
You worshipped Gozag.
Gozag was most pleased with you.
You visited 4 branches of the dungeon, and saw 22 of its levels.

You collected 5855 gold pieces.
You spent 2344 gold pieces at shops.
You paid 1289 gold pieces to Gozag.

Inventory:

Hand Weapons
 a - a +8 short sword of electrocution
 d - a +4 scimitar of flaming (weapon)
 s - a +2 dagger of venom
 v - a +1 trident of protection
Missiles
 e - 5 javelins
 x - 35 poisoned darts (quivered)
 F - 16 boomerangs
 H - a curare-tipped dart
 P - 5 silver javelins
Armour
 j - a +1 cloak (worn)
 k - a +0 helmet (worn)
 l - a +0 pair of boots (worn)
 u - a +3 ring mail of cold resistance
 J - a +2 leather armour of fire resistance (worn)
 L - a +0 kite shield (worn)
Jewellery
 h - a +4 ring of protection (right hand)
 B - the ring "Gaadgh" (left hand) {+Blink rC+ rN+ Int-4 SInv}
   (You bought it in a shop on level 9 of the Dungeon)

   [ring of protection from cold]

   Int-4:     It affects your intelligence (-4).
   rC+:       It protects you from cold.
   rN+:       It protects you from negative energy.
   SInv:      It lets you see invisible.
   +Blink:    It lets you blink.
 C - a ring of ice
 K - the ring of Ihaus {rCorr Str+3}
   (You bought it in a shop on level 9 of the Dungeon)

   [ring of resist corrosion]

   Str+3:     It affects your strength (+3).
   rCorr:     It protects you from acid and corrosion.
 N - the amulet "Vapil" (around neck) {Reflect *Slow rC++ Dex+2 SH+5}
   (You bought it in a shop on level 9 of the Dungeon)

   [amulet of reflection]

   Reflect:   It reflects blocked missile attacks.
   Dex+2:     It affects your dexterity (+2).
   rC++:      It greatly protects you from cold.
   *Slow:     It may slow you when you take damage.
   SH+5:      It affects your SH (+5).
Wands
 g - a wand of paralysis (2)
 q - a wand of acid (3)
 Q - a wand of flame (15)
 R - a wand of roots (7)
Scrolls
 n - 2 scrolls of revelation
 t - 3 scrolls of teleportation
 y - a scroll of blinking
 E - 5 scrolls of immolation
 M - 5 scrolls of fear
 O - a scroll of poison
 U - 5 scrolls of identify
Potions
 b - a potion of lignification
 c - a potion of heal wounds
 f - 2 potions of enlightenment
 m - 2 potions of curing
 o - 6 potions of brilliance
 p - a potion of mutation
 r - 3 potions of magic
 w - 3 potions of attraction
 A - 2 potions of berserk rage
 G - a potion of haste
 V - 2 potions of invisibility
Miscellaneous
 z - a phantom mirror
 D - a sack of spiders
 I - a tin of tremorstones (2/2)
 S - a phial of floods


   Skills:
 * Level 17.0 Fighting
 - Level 2.6 Staves
 + Level 11.3 Armour
 - Level 10.0 Dodging
 * Level 12.4 Shields
 - Level 1.0 Spellcasting
 - Level 1.1 Necromancy
 - Level 1.0 Evocations


You had 15 spell levels left.
You didn't know any spells.
Your spell library contained the following spells:

 Spells                   Type           Power      Damage    Failure   Level
 Sublimation of Blood     Necr           2%         N/A       63%         2
 Cigotuvi's Dreadful Rot  Necr/Pois/Air  2%         N/A       73%         2
 Ozocubu's Armour         Ice            0%         N/A       94%         3
 Petrify                  Tmut/Erth      0%         N/A       100%        4
 Vhi's Electric Charge    Tloc/Air       0%         N/A       100%        4
 Arcjolt                  Conj/Air       0%         1d10      100%        5
 Irradiate                Conj/Tmut      0%         3d11      100%        5
 Ozocubu's Refrigeration  Ice            0%         4d7       100%        7
 Maxwell's Capacitive Co  Air            0%         ∞         100%        8


Dungeon Overview and Level Annotations

Branches:
Dungeon (14/15)            Temple (1/1) D:7            Lair (5/5) D:8
  Swamp (0/4) Lair:2       Spider (0/4) Lair:3        Slime (0/5) Lair:5
    Orc (2/2) D:12            Elf (0/3) Orc:2        Vaults (0/5) D:14

Altars:
Ashenzari
Cheibriados
Dithmenos
Fedhas
Gozag
Hepliaklqana
Kikubaaqudgha
Makhleb
Nemelex Xobeh
Okawaru
Qazlal
Ru
Sif Muna
Trog
Uskayaw
Vehumet
Wu Jian
Xom
Yredelemnul
Jiyva

Shops:
D:1 (   D:5 :   D:6 (   D:8 =   D:9 =   D:10 *   D:11 *   D:14 [   Orc:2 :

Annotations:
D:4 2 runed translucent doors, nms23's ghost, amateur DsCj
D:6 Duvessa
D:7 Pikel
D:8 Jeremiah
D:13 Frances
Orc:2 Saint Roka


Innate Abilities, Weirdness & Mutations

You are mostly covered in rugged brown scales. (AC +2, +5% HP)
You sometimes gain power by taking damage.
You regenerate magic rapidly.
Your touch may irresistibly damage your foes and sap their willpower.


Message History

The skeletal warrior is heavily damaged.
The skeletal warrior hits you but does no damage.
You are electrocuted!
You barely miss the skeletal warrior.
The skeletal warrior is heavily damaged.
The skeletal warrior hits you with a +2 war axe of electrocution!
You are electrocuted!
The skeletal warrior closely misses you.
You closely miss the skeletal warrior.
The skeletal warrior is moderately damaged.
The skeletal warrior hits you with a +2 war axe of electrocution.
You slash the skeletal warrior! You burn the skeletal warrior.
The skeletal warrior is severely damaged.
The skeletal warrior misses you.
You block the skeletal warrior's attack.
You closely miss the skeletal warrior.
The skeletal warrior is severely damaged.
The skeletal warrior misses you.
You slice the skeletal warrior!! You burn the skeletal warrior.
The skeletal warrior is almost destroyed.
You block the skeletal warrior's attack.
The skeletal warrior hits you with a +2 war axe of electrocution!
You focus on the pain.
You feel mightier all of a sudden.
You are electrocuted!
* * * LOW HITPOINT WARNING * * *
You closely miss the skeletal warrior.
The skeletal warrior is almost destroyed.
The skeletal warrior hits you with a +2 war axe of electrocution.
* * * LOW HITPOINT WARNING * * *
You are electrocuted!!
* * * LOW HITPOINT WARNING * * *
You barely miss the skeletal warrior.
The skeletal warrior is almost destroyed.
You block the skeletal warrior's attack. x2
You barely miss the skeletal warrior.
The skeletal warrior is almost destroyed.
The skeletal warrior hits you with a +2 war axe of electrocution!
You die...
Your body crumbles into a pile of gold.

### ## #.. .. #.####.####
#.#.......# #.#z##.##.#
### ###.#@#...#. #..
##......._.... #.#
#..#.#.#...#.#
##.####.##)#.##.## #
#.......##.#......
#.....####.####.####.#
#.....# #...........#
#####.....#########.######
............... #.......#
#..


You could see a skeletal warrior.

Vanquished Creatures
  Kirke (D:13)
  An ironbound preserver (D:14)
  A fire dragon (Lair:5)
  8 hydras
  2 catoblepae
  2 centaur warriors
  5 two-headed ogres
  A death yak (Lair:5)
  3 tengu warriors (D:14)
  Urug (D:13)
  A skyshark (Lair:5)
  8 skeletal warriors
  An orc knight (Orc:1)
  A lindwurm (Lair:5)
  4 orc sorcerers
  2 deep elf pyromancers (D:14)
  3 manticores
  4 ugly things
  2 cyclopes
  Maurice (D:8)
  11 black mambas
  3 molten gargoyles (Lair:5)
  16 cane toads
  3 gargoyles
  A torpor snail (Lair:5)
  2 unseen horrors
  7 rime drakes
  14 komodo dragons
  An efreet (D:14)
  A kobold demonologist (D:13)
  2 trolls
  2 polar bears
  A tyrant leech (Lair:2)
  10 blink frogs
  A hornet (D:10)
  7 dream sheep (Lair:5)
  A centaur simulacrum (D:14)
  2 shadows
  A slime creature (Lair:5)
  A hog (D:13)
  51 yaks
  2 wraiths
  7 wyverns
  A human (D:12)
  10 basilisks
  4 steam dragons
  2 swamp worms (Lair:2)
  A warg (D:12)
  19 water moccasins
  3 hell hounds (Lair:5)
  10 orc warriors
  3 black bears
  5 ice beasts
  6 ogres
  6 centaurs
  15 wolves
  3 phantoms
  2 lemures
  3 kobold brigands
  12 bullfrogs
  4 gnoll sergeants
  2 scorpions
  4 wights
  17 killer bees
  A howler monkey (D:8)
  4 lava snakes (Lair:5)
  4 jellies
  A sleepcap (D:8)
  10 orc priests
  7 hounds
  Crazy Yiuf (D:4)
  An iguana (D:5)
  Terence (D:2)
  Natasha (D:2)
  22 orc wizards
  Robin (D:2)
  17 gnolls
  6 adders
  A white imp (D:7)
  4 ufetubi
  3 dart slugs
  A worm (D:2)
  57 orcs
  6 endoplasms
  4 giant cockroaches
  13 goblins
  16 hobgoblins
  5 jackals
  6 ball pythons
  4 bats
  2 frilled lizards
  20 kobolds
  2 rats
552 creatures vanquished.

Vanquished Creatures (collateral kills)
  A skyshark (Lair:2)
  An orc sorcerer (Orc:2)
  4 yaks (Lair:2)
  Dowan (D:6)
7 creatures vanquished.

Vanquished Creatures (others)
  3 humans (D:13)
  2 orc wizards (Orc:2)
5 creatures vanquished.

Grand Total: 564 creatures vanquished

Notes
Turn   | Place    | Note
-------+----------+-------------------------------------------
     0 | D:1      | Chiseanne the Demonspawn Wanderer began the quest for the
                  | Orb.
     0 | D:1      | Chiseanne set off with the following items: a +3
                  | quarterstaff, a potion of lignification, a +0 leather
                  | armour; and the following spells available to memorise:
                  | Sublimation of Blood, Cigotuvi's Dreadful Rot.
     0 | D:1      | Reached XP level 1. HP: 16/16 MP: 2/2
     4 | D:1      | Noticed a seven-headed hydra
    22 | D:1      | Noticed an elephant
   567 | D:1      | Gained mutation: Your touch may inflict minor irresistible
                  | damage on your foes. [demonic ancestry]
   567 | D:1      | Reached XP level 2. HP: 19/22 MP: 3/3
   776 | D:1      | Found Plog's Weapon Shop.
  1123 | D:2      | Noticed Robin
  1144 | D:2      | Killed Robin
  1145 | D:2      | Reached XP level 3. HP: 21/28 MP: 4/4
  1208 | D:2      | Reached skill level 3 in Fighting
  1222 | D:2      | Noticed Natasha
  1229 | D:2      | Killed Natasha
  1230 | D:2      | Gained mutation: You are partially covered in rugged brown
                  | scales. (AC +1, +3% HP) [demonic ancestry]
  1230 | D:2      | Reached XP level 4. HP: 18/36 MP: 5/5
  1316 | D:2      | Noticed Terence
  1339 | D:2      | Killed Terence
  1954 | D:3      | Gained mutation: You sometimes gain a little power by
                  | taking damage. [demonic ancestry]
  1954 | D:3      | Reached XP level 5. HP: 35/43 MP: 6/6
  2494 | D:3      | You fall into a shaft and drop 1 floor!
  2606 | D:4      | Reached skill level 4 in Fighting
  2638 | D:4      | Reached XP level 6. HP: 48/49 MP: 7/7
  2905 | D:4      | Found a large runed translucent door.
  2905 | D:4      | Found a large runed translucent door.
  2908 | D:4      | Noticed nms23's ghost (amateur DsCj)
  3319 | D:4      | Found a runed translucent door.
  3324 | D:4      | Noticed Crazy Yiuf
  3335 | D:4      | Killed Crazy Yiuf
  3541 | D:5      | Entered Level 5 of the Dungeon
  3629 | D:5      | Reached skill level 5 in Fighting
  3629 | D:5      | Gained mutation: Your touch may inflict irresistible damage
                  | on your foes. [demonic ancestry]
  3629 | D:5      | Reached XP level 7. HP: 57/57 MP: 8/8
  3672 | D:5      | Found Waent's Self-Published Books.
  4366 | D:6      | Identified the +1 leather armour of Feral Happiness {Dex+2}
  4473 | D:6      | Found a blossoming altar of Fedhas.
  4496 | D:6      | Reached skill level 5 in Dodging
  4772 | D:6      | Found Ureppeh's Weapon Shop.
  4868 | D:6      | Reached skill level 6 in Fighting
  5042 | D:6      | Gained mutation: You are mostly covered in rugged brown
                  | scales. (AC +2, +5% HP) [demonic ancestry]
  5042 | D:6      | Reached XP level 8. HP: 56/67 MP: 9/9
  5184 | D:7      | Found a staircase to the Ecumenical Temple.
  5189 | D:7      | Noticed Pikel
  5193 | Temple   | Entered the Ecumenical Temple
  5272 | Temple   | Became a worshipper of Gozag Ym Sagoz the Greedy
  5348 | D:7      | Noticed Dowan
  5349 | D:7      | Noticed Duvessa
  5933 | D:6      | HP: 3/68 [Duvessa/+4 short sword of distortion (15)]
  5960 | D:6      | Killed Dowan
  6399 | D:7      | Reached skill level 7 in Fighting
  6531 | D:7      | Found a sparkling altar of Nemelex Xobeh.
  6699 | D:8      | Noticed a two-headed ogre
  6741 | D:8      | Noticed Jeremiah
  6871 | D:7      | Reached XP level 9. HP: 30/76 MP: 10/10
  7139 | D:8      | Reached skill level 8 in Fighting
  7361 | D:7      | Reached skill level 5 in Armour
  7822 | D:8      | Found the +9 sword of Zonguldrok {reap}
  7855 | D:8      | Noticed Maurice
  7872 | D:8      | Maurice stole a +7 short sword of electrocution
  7881 | D:8      | Something stole a talisman of death
  7882 | D:8      | Something stole 6 boomerangs
  7886 | D:8      | Killed Maurice
  8057 | D:8      | Reached skill level 9 in Fighting
  8419 | D:8      | Noticed a rime drake
  8436 | D:8      | Noticed a polar bear
  8437 | D:8      | Killed a rime drake
  8438 | D:8      | Reached XP level 10. HP: 10/87 MP: 11/11
  8747 | D:8      | Found a staircase to the Lair.
  9100 | D:9      | Found a sacrificial altar of Ru.
  9334 | D:9      | Found a hide-covered altar of Uskayaw.
  9511 | D:9      | Found a shadowy altar of Dithmenos.
  9705 | D:9      | Reached skill level 10 in Fighting
 10022 | D:9      | Noticed a two-headed ogre
 10038 | D:10     | Entered Level 10 of the Dungeon
 10277 | D:10     | Noticed a red ugly thing
 10290 | D:10     | Killed a red ugly thing
 10705 | D:10     | Noticed a two-headed ogre
 10725 | D:10     | Killed a two-headed ogre
 11394 | D:11     | Noticed a manticore
 11410 | D:11     | Killed a manticore
 11436 | D:11     | Noticed a cyan ugly thing
 11464 | D:11     | Killed a cyan ugly thing
 11465 | D:11     | Reached skill level 11 in Fighting
 11465 | D:11     | Reached skill level 10 in Dodging
 11465 | D:11     | Gained mutation: You regenerate magic rapidly. [demonic
                  | ancestry]
 11465 | D:11     | Reached XP level 11. HP: 32/97 MP: 4/12
 12060 | D:11     | Reached skill level 1 in Shields
 12627 | D:11     | Found Jeluwehyl's Assorted Antiques.
 13013 | D:11     | Bought a scroll labelled ODONOSM PIPYINT for 26 gold pieces
 13013 | D:11     | Bought a moonstone ring for 130 gold pieces
 13013 | D:11     | Bought a shiny chain mail for 195 gold pieces
 13026 | D:11     | Bought a gold wand for 104 gold pieces
 13026 | D:11     | Bought a potion of resistance for 260 gold pieces
 13500 | D:12     | Found a staircase to the Orcish Mines.
 13986 | D:13     | Noticed a skeletal warrior
 13986 | D:13     | Noticed a skeletal warrior
 14034 | Gauntlet | Identified the "Totioj"
 14034 | Orc:1    | Entered Level 1 of the Orcish Mines
 14040 | Orc:1    | Noticed an orc sorcerer
 14236 | Orc:1    | Killed an orc sorcerer
 14468 | Orc:2    | Entered Level 2 of the Orcish Mines
 14478 | Orc:2    | Noticed an orc sorcerer
 14485 | Orc:2    | Found a staircase to the Elven Halls.
 14487 | Orc:2    | Killed an orc sorcerer
 14526 | Orc:2    | Noticed a two-headed ogre
 14554 | Orc:2    | Killed a two-headed ogre
 14555 | Orc:2    | Reached skill level 12 in Fighting
 15026 | Orc:2    | Noticed an orc knight
 15071 | Orc:1    | Killed an orc knight
 15268 | Orc:2    | Found Tily's Self-Improvement Boutique.
 15319 | Orc:2    | Noticed an orc sorcerer
 15319 | Orc:2    | Noticed an orc sorcerer
 15334 | Orc:2    | Noticed a sixfirhy
 15374 | Orc:2    | Noticed a sun demon
 15382 | Orc:2    | Noticed a soul eater
 15560 | Orc:1    | Killed an orc sorcerer
 15561 | Orc:1    | Reached skill level 5 in Shields
 15708 | Orc:2    | Killed an orc sorcerer
 15786 | Orc:2    | Noticed an orc sorcerer
 15873 | Orc:2    | Killed an orc sorcerer
 15981 | Orc:2    | Noticed Saint Roka
 16552 | Lair:1   | Entered Level 1 of the Lair of Beasts
 16557 | Lair:1   | Gained mutation: Your touch may irresistibly damage your
                  | foes and sap their willpower. [demonic ancestry]
 16557 | Lair:1   | Reached XP level 12. HP: 108/108 MP: 13/13
 17076 | Lair:1   | Reached skill level 13 in Fighting
 18049 | D:9      | Bought the amulet "Vapil" {Reflect *Slow rC++ Dex+2 SH+5}
                  | for 690 gold pieces
 18345 | Lair:2   | Noticed a six-headed hydra
 18345 | Lair:2   | Noticed a four-headed hydra
 18365 | Lair:2   | Killed a six-headed hydra
 18374 | Lair:2   | Killed a four-headed hydra
 18613 | Lair:2   | Found a staircase to the Swamp.
 19041 | Lair:2   | Reached skill level 14 in Fighting
 19453 | Lair:2   | Reached XP level 13. HP: 116/118 MP: 14/14
 20404 | Lair:3   | Found a hole to the Spider Nest.
 22110 | Lair:4   | Reached skill level 15 in Fighting
 22118 | Lair:4   | HP: 6/120 [poisoned by a black mamba]
 22602 | Lair:4   | Found the +5 woodcutter's axe
 22668 | Lair:4   | Reached skill level 10 in Armour
 22668 | Lair:4   | Reached skill level 10 in Shields
 23087 | Lair:4   | You fall into a shaft and drop 1 floor!
 23087 | Lair:5   | Entered Level 5 of the Lair of Beasts
 24177 | Lair:5   | Gained mutation: You sometimes gain power by taking damage.
                  | [demonic ancestry]
 24177 | Lair:5   | Reached XP level 14. HP: 100/129 MP: 15/15
 24822 | Lair:5   | Found a large runed translucent door.
 24854 | Lair:5   | HP: 4/130 [molten gargoyle/bolt of magma (13)]
 25919 | Lair:5   | Found a staircase to the Slime Pits.
 25924 | Lair:5   | Found a viscous altar of Jiyva.
 26229 | Lair:5   | Found a large runed translucent door.
 26268 | Lair:5   | Reached skill level 16 in Fighting
 27207 | D:9      | Bought the ring "Gaadgh" {+Blink rC+ rN+ Int-4 SInv} for
                  | 507 gold pieces
 27207 | D:9      | Bought the ring of Ihaus {rCorr Str+3} for 432 gold pieces
 27410 | D:9      | Found a burning altar of Makhleb.
 28959 | D:13     | Noticed Urug
 29743 | D:13     | Killed Urug
 30140 | D:13     | Noticed Kirke
 30167 | D:13     | Killed Kirke
 30353 | D:13     | Noticed Frances
 30433 | D:14     | Found Dutsab's Armour Emporium.
 30491 | D:14     | Found a sacrificial altar of Ru.
 31084 | D:14     | Reached skill level 17 in Fighting
 31174 | D:14     | Found a gate to the Vaults.
 31174 | D:14     | Noticed an ironbound preserver
 31199 | D:14     | Killed an ironbound preserver
 31303 | D:14     | Slain by a skeletal warrior

Illustrated notes

Levels and vault maps discovered:
D:1:      sevenhm_arrival_forest_fort_small_2, layout_loops_corners,
          serial_shops, nicolae_shop_bloodbath_and_beyond, grunt_decor_clamped
D:2:      layout_loops_ring, uniq_terence, uniq_natasha, uniq_robin
D:3:      layout_basic
D:4:      layout_loops_corners, ebering_ghost_disaster_area,
          grunt_ministairs_13, uniq_crazy_yiuf_cottage
D:5:      layout_basic, nicolae_custom_books, hangedman_decor_growths
D:6:      layout_basic, fedhas_ov_isle_minmay, serial_shops, shop
D:7:      layout_rooms, nemelex_spade_bored_becter,
          minmay_temple_entry_large_hall, chequers_decorated_corner, uniq_pikel,
          uniq_duvessa
D:8:      layout_loops_ring, hellmonk_lair_entry_icy, nicolae_wwwww,
          uniq_maurice, uniq_jeremiah
D:9:      layout_basic, mainiacjoe_overflow_concentric_impassable,
          amcnicky_altar_gilded, mainiacjoe_overflow_catch_the_wave,
          kennysheep_potato
D:10:     minmay_stone_box, layout_small_grid
D:11:     layout_grid_maze, serial_shops, nicolae_shop_statue_plus,
          glass_columns_c
D:12:     layout_gridville, erik_orc_4
D:13:     layout_loops_ring, uniq_urug, uniq_frances, uniq_kirke
D:14:     layout_roguey, skrybe_vaults_entry_preservation,
          nicolae_ru_sacrificial_ziggurat, serial_shops,
          nicolae_shop_advertising_works [nicolae_subvault_shop_adworks]
Temple:   minmay_temple_bridge_d
Lair:1:   layout_roguey, serial_bayou_shore_b, grunt_megastairs_3,
          infiniplex_staircase_pool
Lair:2:   layout_misc_corridors, palyth_hydra_swamp_entry
Lair:3:   layout_regular_city, dummy_spider_entry, nzn_random_ring
Lair:4:   layout_roguey
Lair:5:   cheibrodos_lair_end_hotspot, layout_regular_city,
          minmay_slime_entry_pillars, gauntlet_entry_generic,
          chequers_serial_rivers_room_a
Orc:1:    layout_caves, basic_altar, mines2_david
Orc:2:    kennysheep_orc_mage_school, layout_caves, nicolae_shop_self_help,
          uniq_saint_roka, uniq_erolcha

Skill      XL: |  1  2  3  4  5  6  7  8  9 10 11 12 13 14 |
---------------+-------------------------------------------+-----
Dodging        | 2 3 4 5 6 8 10 | 10.0
Fighting       | 3 4 5 6 7 9 11 12 14 15 17 | 17.0
Armour         | 2 3 4 5 7 8 9 10 11 | 11.3
Shields        | 5 8 10 12 | 12.4
Staves         | |  2.6
Spellcasting   | |  1.0
Necromancy     | |  1.1
Evocations     | |  1.0

Action                     |  1- 3 |  4- 6 |  7- 9 | 10-12 | 13-15 || total
---------------------------+-------+-------+-------+-------+-------++-------
  Melee: Quarterstaff      |    82 |   158 |    12 |       |       ||   252
         Dagger            |       |     7 |   134 |   268 |   569 ||   978
         Touch             |       |     1 |    53 |    34 |       ||    88
         Punch             |       |     1 |     4 |     8 |       ||    13
         Short sword       |       |       |   184 |   750 |  1006 ||  1940
         Scimitar          |       |       |       |       |    18 ||    18
         Unarmed           |       |       |       |       |    15 ||    15
  Throw: Stone             |       |     9 |       |       |       ||     9
         Boomerang         |       |       |     6 |     3 |    12 ||    21
         Dart              |       |       |       |    23 |    21 ||    44
 Invoke: Call Merchant     |       |       |       |     2 |       ||     2
  Evoke: Wand              |       |       |     8 |     9 |     9 ||    26
         Sack of spiders   |       |       |       |     2 |       ||     2
         Tin of tremorston |       |       |       |     1 |       ||     1
    Use: Scroll            |     2 |    14 |    12 |     7 |    11 ||    46
         Potion            |       |     2 |     4 |     1 |     4 ||    11
   Stab: Paralysed         |       |       |     6 |     3 |       ||     9
         Distracted        |       |       |       |     5 |     5 ||    10
         Petrified         |       |       |       |       |     4 ||     4
         Sleeping          |       |       |       |       |     2 ||     2
         Petrifying        |       |       |       |       |     1 ||     1
 Armour: Leather armour    |     7 |       |       |   445 |   806 ||  1258
         Ring mail         |    39 |     6 |       |       |       ||    45
         Scale mail        |       |    99 |   386 |   310 |       ||   795
         Skin              |       |       |    17 |       |     5 ||    22
         Chain mail        |       |       |       |    55 |       ||    55
  Dodge: Dodged            |    40 |    85 |   277 |   684 |   687 ||  1773
  Block: Kite shield       |       |       |       |   565 |  1345 ||  1910
         Reflection        |       |       |       |       |    20 ||    20

Table legend: (Time is in decaauts)
 A = Elapsed time spent in this place.
 B = Non-inter-level travel time spent in this place.
 C = Inter-level travel time spent in this place.
 D = Time resting spent in this place.
 E = Time spent auto-exploring this place.
 F = Levels seen in this place.
 G = Mean time per level.
                   A        B        C        D        E       F      G
               +--------+--------+--------+--------+--------+-----+--------+
         Total |  31712 |  30525 |   1187 |  10277 |  12275 |  22 | 1441.5 |
       Dungeon |  18557 |  17691 |    866 |   5421 |   8082 |  14 | 1325.5 |
        Temple |    152 |     12 |    140 |      0 |      0 |   1 |  152.0 |
          Lair |  10749 |  10584 |    165 |   3864 |   3661 |   5 | 2149.8 |
  Orcish Mines |   2252 |   2237 |     15 |    991 |    532 |   2 | 1126.0 |
               +--------+--------+--------+--------+--------+-----+--------+

Top non-repeatable levels by time:
  Lair:5: 4100 daAuts
    D:11: 2183 daAuts
  Lair:2: 2026 daAuts
  Lair:3: 1977 daAuts
    D:12: 1974 daAuts
    D:13: 1721 daAuts
     D:8: 1626 daAuts
  Lair:1: 1568 daAuts
     D:7: 1515 daAuts
     D:6: 1413 daAuts
     D:9: 1399 daAuts
    D:10: 1320 daAuts
   Orc:2: 1147 daAuts
   Orc:1: 1104 daAuts
  Lair:4: 1076 daAuts
